 Dungeon Crawl Stone Soup version 0.31-a0-489-g282fc92437 (webtiles) character file.

Game seed: 1480058755335107049

14365 bumholeboi the Brawler (level 11, -17/105 HPs)
             Began as a Troll Berserker on Aug 8, 2023.
             Was a High Priest of Trog.
             Demolished by Snorg (19 damage)
             ... on level 11 of the Dungeon.
             The game lasted 00:25:57 (9413 turns).

bumholeboi the Brawler (Troll Berserker)            Turns: 9413, Time: 00:25:57

Health: -17/105    AC:  8    Str: 29    XL:     11   Next: 87%
Magic:  10/10      EV: 16    Int:  5    God:    Trog [*****.]
Gold:   831        SH:  0    Dex:  9    Spells: 10/10 levels left

rFire   . .          .
                       - Unarmed
rCold   . . .        (no shield)
rNeg    . . .        L - +0 troll leather armour
rPois   .            c - +2 hat
rElec   .            q - +0 cloak
rCorr   +            (gloves unavailable)
SInv    .            (boots unavailable)
Will    .....        (no amulet)
Stlth   +            h - ring of resist corrosion
HPRegen 1.97/turn    F - +5 ring of evasion
MPRegen 0.12/turn

%: no passive effects
@: no status effects
A: large, unfitting armour, claws 3, regeneration 1, shaggy fur 1, tough skin 1
a: Renounce Religion, Berserk, Trog's Hand, Brothers in Arms


You were on level 11 of the Dungeon.
You worshipped Trog.
Trog was extremely pleased with you.
You visited 1 branch of the dungeon, and saw 11 of its levels.

You collected 831 gold pieces.

Inventory:

Hand Weapons
 k - a +3 morningstar of chaos
 p - a +4 heavy battleaxe
 x - the +5 dagger "Lulaklef" {venom, rCorr Int+4}
   (You found it on level 6 of the Dungeon)

   Int:       It affects your intelligence (+4).
   rCorr:     It protects you from acid and corrosion.
Missiles
 E - 4 large rocks
Armour
 c - a +2 hat (worn)
 q - a +0 cloak (worn)
 y - a +0 kite shield
 B - +0 swamp dragon scales
 L - a +0 troll leather armour (worn)
Jewellery
 e - a ring of protection from fire
 h - a ring of resist corrosion (left claw)
 n - a ring of poison resistance
 o - an amulet of faith
 w - a +5 ring of evasion
 F - a +5 ring of evasion (right claw)
 J - a +4 ring of protection
 K - a ring of ice
Wands
 l - a wand of charming (7)
 s - a wand of mindburst (25)
 u - a wand of roots (7)
 C - a wand of flame (12)
Scrolls
 b - 7 scrolls of teleportation
 g - 2 scrolls of brand weapon
 m - a scroll of fear
 r - 2 scrolls of summoning
 t - 3 scrolls of fog
 z - 2 scrolls of enchant weapon
 A - 2 scrolls of poison
 I - 3 scrolls of identify
Potions
 a - a potion of ambrosia {unknown}
 d - 4 potions of resistance
 f - 5 potions of curing
 i - 2 potions of attraction
 j - 2 potions of enlightenment
 D - a potion of might
 G - a potion of mutation
 H - a potion of haste {unknown}
 M - a potion of cancellation {unknown}


   Skills:
 * Level 6.0 Fighting
 * Level 5.3 Armour
 * Level 7.0 Dodging
 + Level 1.6 Stealth
 * Level 15.0 Unarmed Combat


You had 10 spell levels left.
You didn't know any spells.
Your spell library was empty.

Dungeon Overview and Level Annotations

Branches:
Dungeon (11/15)            Temple (0/1) D:7            Lair (0/5) D:8
    Orc (0/2) D:9

Altars:
Ashenzari
Dithmenos
Elyvilon
Fedhas
Gozag
Hepliaklqana
Kikubaaqudgha
Nemelex Xobeh
Okawaru
Qazlal
Ru
Sif Muna
Vehumet
Wu Jian
Xom
Yredelemnul

Shops:
D:7 *   D:9 (   D:11 :

Annotations:
D:11 Snorg


Innate Abilities, Weirdness & Mutations

You are too large for most types of armour.
You have claws for hands.
Your natural rate of healing is unusually fast.
You are covered in fur. (AC +1)
You have tough skin. (AC +1)


Message History

You now have 831 gold pieces (gained 17).
Found a stone staircase leading down.
Snorg the Insatiable comes into view.
Snorg is nearby!
Snorg shouts!
You claw Snorg!
Snorg is lightly wounded.
Snorg smiles kindly.
Snorg goes berserk!
You closely miss Snorg.
Snorg is lightly wounded.
Snorg closely misses you. Snorg claws you. Snorg barely misses you.
You eviscerate Snorg!!!
Snorg is moderately wounded.
Snorg bites you but does no damage. Snorg closely misses you. Snorg misses you.
You mangle Snorg!!
Snorg is heavily wounded.
Snorg bites you! Snorg closely misses you. Snorg barely misses you.
You mangle Snorg!!
Snorg is severely wounded.
Snorg bites you! Snorg claws you! Snorg claws you but does no damage.
You claw Snorg!
Snorg is almost dead.
Snorg bites you!! Snorg closely misses you. Snorg misses you.
You closely miss Snorg.
Snorg is almost dead.
Snorg bites you! Snorg claws you! x2
* * * LOW HITPOINT WARNING * * *
You scratch Snorg.
Snorg is almost dead.
Snorg bites you.
* * * LOW HITPOINT WARNING * * *
Snorg claws you!
* * * LOW HITPOINT WARNING * * *
Snorg claws you!
* * * LOW HITPOINT WARNING * * *
You feel much better. Snorg bites you!!
* * * LOW HITPOINT WARNING * * *
Snorg claws you!!
You die...

####.......#...##.#
#...........##.#
#......##...##.#
#..##..##...##.####
#..##..##...##.....
#..##..##...##..###
####..##..##...##..#
#.....##..##...##..#
#....@##..##.......#
#....T##..##.......#
####...........#...#
#...........#...###
#......##...#....<.
#......##...#......
#......##...#......
#......##...#.....:
#......##...#......


You could see Snorg (berserk).

Vanquished Creatures
  Fannar (D:11)
  3 two-headed ogres
  Erica (D:8)
  2 boulder beetles
  A centaur warrior (D:8)
  Joseph (D:8)
  A rime drake (D:11)
  Maggie (D:8)
  Psyche (D:8)
  2 komodo dragons (D:11)
  3 trolls
  2 hornets
  A water elemental (D:11)
  3 wyverns
  A vampire (D:11)
  2 basilisks (D:8)
  6 yaks
  Grum (D:8)
  3 steam dragons
  A water moccasin (D:9)
  An acid dragon (D:8)
  4 ice beasts
  An orc warrior (D:11)
  A sky beast (D:6)
  A black bear (D:4)
  An ogre (D:7)
  4 wolves (D:8)
  4 phantoms
  5 centaurs
  A kobold brigand (D:9)
  Blork the orc (D:4)
  A gnoll sergeant (D:11)
  3 scorpions
  A bullfrog (D:6)
  14 wights
  14 killer bees
  2 howler monkeys
  6 orc priests
  6 iguanas
  Natasha (thrice) (D:4)
  2 gnoll boudas
  5 orc wizards
  8 adders
  11 gnolls
  2 shadow imps
  An ufetubus (D:5)
  4 worms
  A dart slug (D:4)
  17 orcs
  2 bats
  8 endoplasms
  3 giant cockroaches
  9 goblins
  4 hobgoblins
  9 jackals
  6 quokkas
  9 ball pythons
  18 frilled lizards
  A goblin skeleton (D:3)
  10 kobolds
  A kobold zombie (D:3)
  4 rats
246 creatures vanquished.

Notes
Turn   | Place    | Note
-------+----------+-------------------------------------------
     0 | D:1      | bumholeboi the Troll Berserker began the quest for the Orb.
     0 | D:1      | Reached XP level 1. HP: 22/22 MP: 0/0
   208 | D:1      | Reached XP level 2. HP: 29/29 MP: 1/1
   653 | D:1      | Reached XP level 3. HP: 36/36 MP: 2/2
   680 | D:1      | Reached ** piety under Trog
   839 | D:1      | Found a faded altar of an unknown god.
  1731 | D:3      | Found a runed translucent door.
  1731 | D:3      | Noticed a human
  1738 | D:3      | Found a basalt altar of Yredelemnul.
  2453 | D:4      | Reached skill level 4 in Unarmed Combat
  2453 | D:4      | Reached XP level 4. HP: 43/44 MP: 3/3
  2472 | D:4      | Noticed Blork the orc
  2478 | D:4      | Killed Blork the orc
  2479 | D:4      | Reached XP level 5. HP: 46/53 MP: 4/4
  2560 | D:4      | Noticed a phantom
  2565 | D:4      | Killed a phantom
  2566 | D:4      | Reached skill level 5 in Unarmed Combat
  2651 | D:4      | Noticed a black bear
  2659 | D:4      | Killed a black bear
  2660 | D:4      | Reached XP level 6. HP: 54/61 MP: 5/5
  2666 | D:4      | Reached *** piety under Trog
  2762 | D:4      | Reached skill level 6 in Unarmed Combat
  2785 | D:4      | Reached XP level 7. HP: 64/67 MP: 6/6
  2825 | D:4      | Noticed Natasha
  2833 | D:4      | Killed Natasha
  2834 | D:4      | Reached skill level 1 in Stealth
  3088 | D:4      | Noticed Natasha
  3094 | D:4      | Killed Natasha
  3182 | D:4      | Noticed Natasha
  3185 | D:4      | Killed Natasha
  3186 | D:4      | Reached skill level 7 in Unarmed Combat
  3205 | D:5      | Entered Level 5 of the Dungeon
  3458 | D:5      | Noticed a steam dragon
  3469 | D:5      | Killed a steam dragon
  3803 | D:5      | Reached XP level 8. HP: 78/78 MP: 7/7
  4110 | D:6      | Identified the +5 dagger "Lulaklef" {venom, rCorr Int+4}
  4148 | D:6      | Reached skill level 8 in Unarmed Combat
  4438 | D:6      | Reached **** piety under Trog
  4486 | D:6      | Reached skill level 9 in Unarmed Combat
  5010 | D:7      | Found Gozag's Platinum Reserve.
  5049 | D:7      | Reached skill level 5 in Dodging
  5066 | D:7      | Reached XP level 9. HP: 84/84 MP: 8/8
  5269 | D:7      | Found an opulent altar of Gozag.
  5569 | D:7      | Found a staircase to the Ecumenical Temple.
  5926 | D:8      | Noticed Maggie
  5934 | D:8      | Killed Maggie
  5935 | D:8      | Reached skill level 10 in Unarmed Combat
  5983 | D:8      | Noticed a centaur warrior
  5994 | D:8      | Killed a centaur warrior
  6020 | D:8      | Reached skill level 11 in Unarmed Combat
  6038 | D:8      | Noticed Erica
  6049 | D:8      | Killed Erica
  6050 | D:8      | Reached skill level 1 in Armour
  6083 | D:8      | Noticed Psyche
  6094 | D:8      | Killed Psyche
  6116 | D:8      | Reached XP level 10. HP: 94/94 MP: 9/9
  6128 | D:8      | Reached skill level 12 in Unarmed Combat
  6277 | D:8      | Noticed a two-headed ogre
  6289 | D:8      | Killed a two-headed ogre
  6290 | D:8      | Reached skill level 5 in Fighting
  6391 | D:8      | Noticed Grum
  6421 | D:8      | Killed Grum
  6427 | D:8      | Noticed Joseph
  6594 | D:8      | Killed Joseph
  6969 | D:8      | Found a staircase to the Lair.
  7141 | D:9      | Found a hazy altar of Hepliaklqana.
  7174 | D:9      | Found a staircase to the Orcish Mines.
  7227 | D:9      | Found a white marble altar of Elyvilon.
  7284 | D:9      | Noticed a boulder beetle
  7311 | D:9      | Killed a boulder beetle
  7312 | D:9      | Reached skill level 13 in Unarmed Combat
  7362 | D:9      | Found a sparkling altar of Nemelex Xobeh.
  7500 | D:9      | Found Dehair's Antique Weapon Shoppe.
  7574 | D:9      | Reached XP level 11. HP: 80/104 MP: 10/10
  7873 | D:9      | Found a radiant altar of Vehumet.
  7879 | D:9      | Found a shimmering blue altar of Sif Muna.
  7879 | D:9      | Found an ancient bone altar of Kikubaaqudgha.
  7930 | D:10     | Entered Level 10 of the Dungeon
  7959 | D:10     | Identified the +5 long sword "Itaess" {venom, rF+ Str+2}
  7973 | D:10     | Noticed a boulder beetle
  7979 | D:10     | Reached ***** piety under Trog
  7998 | D:10     | Killed a boulder beetle
  8093 | D:10     | Noticed a two-headed ogre
  8110 | D:10     | Killed a two-headed ogre
  8360 | D:10     | Reached skill level 14 in Unarmed Combat
  8703 | D:10     | Found a sacrificial altar of Ru.
  8703 | D:10     | Found a blossoming altar of Fedhas.
  8712 | D:10     | Noticed a two-headed ogre
  8719 | D:10     | Killed a two-headed ogre
  8758 | D:10     | Found a shadowy altar of Dithmenos.
  8763 | D:10     | Found a broken altar of Ashenzari.
  8768 | D:10     | Found a shimmering altar of Xom.
  8769 | D:10     | Found a stormy altar of Qazlal.
  8771 | D:10     | Found an ornate altar of the Wu Jian Council.
  8776 | D:10     | Found an iron altar of Okawaru.
  8915 | D:11     | Received a gift from Trog
  8942 | D:11     | Reached skill level 5 in Armour
  9128 | D:11     | Found Xiboophu's Tiny Tomes.
  9157 | D:11     | Noticed Fannar
  9171 | D:11     | Killed Fannar
  9257 | D:11     | Reached skill level 15 in Unarmed Combat
  9401 | D:11     | Noticed Snorg
  9412 | D:11     | HP: 3/105 [Snorg (7)]
  9413 | D:11     | Demolished by Snorg

Illustrated notes

Levels and vault maps discovered:
D:1:      dpeg_arrival_lava_temple_mockup, layout_basic,
          shapermc_ecumenical_altar_mp_vishouse
D:2:      layout_loops_ring, kennysheep_generic_room_4
D:3:      layout_basic, dk_yredelemnul_ordeal, nicolae_figureground_sparkle
D:4:      minmay_chambers_of_fours, layout_gridville, minmay_distorted,
          uniq_blork_the_orc, uniq_natasha
D:5:      layout_gridville
D:6:      layout_gridville, item_on_display_a
D:7:      layout_basic, nicolae_gozag_zags_fifth_avenue,
          minmay_temple_entry_antechambers
D:8:      layout_basic, erik_lair_dragon, minmay_sticks_and_stones, uniq_grum,
          uniq_psyche, uniq_maggie, uniq_erica
D:9:      layout_irregular_city, grunt_temple_overflow_magic_moments,
          mainiacjoe_overflow_paths, mainiacjoe_overflow_large_starburst,
          orc_0_dummy, serial_shops, nicolae_shop_waterfront,
          minmay_misc_feat_nine_boxes
D:10:     layout_loops_ring, nicolae_overflow_hallway_of_the_gods
D:11:     lemuel_reptile_caves, layout_long_grid,
          nicolae_shop_i_like_small_books_too, uniq_snorg, uniq_fannar

Skill      XL: |  1  2  3  4  5  6  7  8  9 10 11 |
---------------+----------------------------------+-----
Unarmed Combat | 4 5 6 7 9 11 13 15 | 15.0
Fighting       | 3 4 5 6 |  6.0
Dodging        | 3 4 5 6 7 |  7.0
Stealth        | 1 |  1.6
Armour         | 1 3 5 |  5.3

Action                     |  1- 3 |  4- 6 |  7- 9 | 10-12 || total
---------------------------+-------+-------+-------+-------++-------
  Melee: Unarmed           |   135 |    70 |   186 |   402 ||   793
         Punch             |     2 |       |    11 |    15 ||    28
    Use: Scroll            |     4 |     2 |     9 |     7 ||    22
         Potion            |       |       |       |     1 ||     1
   Stab: Sleeping          |     2 |       |       |       ||     2
 Armour: Animal skin       |    55 |    50 |    66 |       ||   171
         Swamp dragon scal |       |       |    19 |   109 ||   128
         Troll leather arm |       |       |       |     3 ||     3
  Dodge: Dodged            |    61 |    58 |    97 |   213 ||   429

Table legend: (Time is in decaauts)
 A = Elapsed time spent in this place.
 B = Non-inter-level travel time spent in this place.
 C = Inter-level travel time spent in this place.
 D = Time resting spent in this place.
 E = Time spent auto-exploring this place.
 F = Levels seen in this place.
 G = Mean time per level.
                   A        B        C        D        E       F      G
               +--------+--------+--------+--------+--------+-----+--------+
         Total |   9258 |   8584 |    674 |      4 |   6434 |  11 |  841.6 |
       Dungeon |   9258 |   8584 |    674 |      4 |   6434 |  11 |  841.6 |
               +--------+--------+--------+--------+--------+-----+--------+

Top non-repeatable levels by time:
     D:8: 1141 daAuts
     D:7: 1109 daAuts
     D:1: 929 daAuts
    D:10: 882 daAuts
     D:5: 866 daAuts
     D:3: 814 daAuts
     D:9: 807 daAuts
     D:4: 742 daAuts
     D:6: 729 daAuts
     D:2: 696 daAuts
    D:11: 537 daAuts
